AoeStats
← thunder bun

Arabia

506159115Analyzed
1v1 RM · 19d ago on Sep 12, 2026· 29m 57s· 2 players
Game mode
Random Map
Map size
Tiny (2 player)
Population
200
Speed
Normal
Resources
Standard
Victory
Conquest
Starting age
Dark Age
Ending age
Imperial Age
RankedLock teamsTeams togetherTeam positionsShared explorationLock speedFull tech treeHidden civsTurbo modeCheats
Victory
Defeat
🇱🇻 Byzantines · Latvia
2567
+3
🇹🇼 Chinese · Taiwan
2168
-3
thunder bun
0:25 Loom
8:46 Feudal Age
9:41 Double-Bit Axe
19:58 Castle Age
18:26 Horse Collar
18:49 Fletching
20:02 Elite Skirmisher
21:02 Padded Archer Armor
20:58 Bodkin Arrow
21:48 Wheelbarrow
22:03 Padded Archer Armor
22:28 Scale Mail Armor
24:31 Chain Mail Armor
27:01 Forging
27:35 Bow Saw
28:54 Devotion
Lamo
5:34 Loom
8:49 Feudal Age
9:18 Double-Bit Axe
9:59 Horse Collar
16:21 Gold Mining
19:41 Castle Age
17:45 Fletching
20:21 Bodkin Arrow
20:41 Bow Saw
20:35 Heavy Plow
24:53 Wheelbarrow
27:04 Stone Mining
Connection lost

Rejoining the realm…

Still unreachable

The connection could not be restored.

Session expired

The server has moved on; the page needs a fresh start.